 Dungeon Crawl Stone Soup version 0.25.0 (webtiles) character file.

Game seed: 5548649665044139918

35 nikku the Conjurer (level 3, -2/20 HPs)
             Began as a Deep Elf Conjurer on June 12, 2020.
             Slain by an adder (5 damage)
             ... on level 3 of the Dungeon.
             The game lasted 00:05:13 (1906 turns).

nikku the Conjurer (Deep Elf Conjurer)              Turns: 1906, Time: 00:05:13

Health: -2/20      AC:  2    Str:  5    XL:     3   Next: 17%
Magic:  1/9        EV: 14    Int: 20    God:
Gold:   98         SH:  0    Dex: 21    Spells: 5/8 levels left

rFire    . . .     SeeInvis .   (no weapon)
rCold    . . .     Gourm    .   (no shield)
rNeg     . . .     Faith    .   a - +0 robe
rPois    +         Spirit   .   (no helmet)
rElec    .         Reflect  .   (no cloak)
rCorr    .         Harm     .   (no gloves)
MR       .....                  (no boots)
Stlth    +++.......             (no amulet)
HPRegen  0.06/turn              h - ring of poison resistance
MPRegen  0.11/turn              i - +6 ring of dexterity

@: no status effects
A: no striking features
a: no special abilities


You were on level 3 of the Dungeon.
You were not hungry.

You visited 1 branch of the dungeon, and saw 4 of its levels.

You collected 98 gold pieces.

Inventory:

Hand Weapons
 d - a +0 hunting sling
Missiles
 g - 49 stones (quivered)
Armour
 a - a +0 robe (worn)
Jewellery
 h - a ring of poison resistance (left hand)
 i - a +6 ring of dexterity (right hand)
Scrolls
 l - 2 scrolls of identify
 m - a scroll of blinking {unknown}
Potions
 b - 2 potions of curing {unknown}
 e - a potion of might {unknown}
 f - 2 potions of heal wounds {unknown}
 k - 2 potions of haste {unknown}
 n - a potion of degeneration {unknown}
Comestibles
 c - 2 rations


   Skills:
 + Level 0.8 Fighting
 + Level 3.0 Dodging
 + Level 3.0 Stealth
 + Level 3.4 Spellcasting
 + Level 4.6 Conjurations


You had 5 spell levels left.
You knew the following spells:

 Your Spells              Type           Power        Failure   Level  Hunger
a - Magic Dart            Conj           ###.         1%          1    None
b - Searing Ray           Conj           ###...       3%          2    ##.....

Your spell library contained the following spells:

 Spells                   Type           Power        Failure   Level  Hunger
 Dazzling Flash           Conj/Hex       ##....       16%         3    ###....
 Fulminant Prism          Conj/Hex       ##........   45%         4    ####...
 Iskenderun's Mystic Bla  Conj/Tloc      ##......     45%         4    ####...


Dungeon Overview and Level Annotations

Branches:
Dungeon (4/15)
 Temple: D:4-7

Altars:
Dithmenos
Okawaru


Message History

The adder misses you.
Casting: Magic Dart (safe; 1% risk of failure)
Confirm with . or Enter, or press ? or * to list all spells.
Aiming: Magic Dart (safe; 1% risk of failure)
Press: ? - help, Shift-Dir - straight line, f/p - goblin
Aim: a goblin, wielding a +0 dagger (moderately wounded)
The magic dart hits the goblin.
You kill the goblin!
Your Dodging skill increases to level 3!
The adder misses you. The adder bites you but does no damage.
Casting: Magic Dart (safe; 1% risk of failure)
Confirm with . or Enter, or press ? or * to list all spells.
Aiming: Magic Dart (safe; 1% risk of failure)
Press: ? - help, Shift-Dir - straight line, f - adder
Aim: an adder (lightly wounded)
The magic dart hits the adder.
The adder is heavily wounded.
The adder bites you.
You die...

#.# #.# #.# #.#
#.#### #....#
#####.##)###
#......g.S@#
#.###...#l.....#
#......###.....#
#..##..# #..##.#
#..###..#..## ..
##g..##.....# .#
#............ #
#..##........
#.## #..._...


You could see an adder, a goblin and a frilled lizard.

Vanquished Creatures
  A worm (D:2)
  2 dart slugs (D:1)
  4 bats
  3 goblins
  2 hobgoblins
  6 jackals
  2 frilled lizards (D:2)
  3 kobolds
  4 rats
27 creatures vanquished.

Notes
Turn   | Place    | Note
-------+----------+-------------------------------------------
     0 | D:1      | nikku the Deep Elf Conjurer began the quest for the Orb.
     0 | D:1      | Reached XP level 1. HP: 10/10 MP: 6/6
   325 | D:1      | Reached XP level 2. HP: 15/15 MP: 5/8
   329 | D:1      | Learned a level 2 spell: Searing Ray
  1350 | D:2      | Found an iron altar of Okawaru.
  1699 | D:2      | Reached XP level 3. HP: 20/20 MP: 7/9
  1738 | D:2      | You fall into a shaft and drop 2 floors!
  1880 | D:3      | Found a shadowy altar of Dithmenos.
  1906 | D:3      | Slain by an adder

Illustrated notes

Levels and vault maps discovered:
D:1:      dpeg_arrival_boxorama, layout_basic
D:2:      minmay_wonky_spiral, layout_basic, xom_butterflies,
          lemuel_blue_sif_altar, okawaru_gym_becter, uniq_terence
D:3:      layout_loops_ring, nicolae_dithmenos_shadow_blocks,
          nemelex_xobeh_ov_fountains_minmay,
          chequers_ecumenical_altar_simple_redux, first_ration,
          dk_noncrumbling_4, hangedman_abyss_or_decor_lesser_grid,
          lemuel_tele_altar
D:4:      layout_basic, zin_treasury, gammafunk_temple_overflow_wave, uniq_robin

Skill      XL: |  1  2  3 |
---------------+----------+-----
Stealth        | 3 |  3.0
Dodging        | 3 |  3.0
Fighting       | |  0.8
Spellcasting   | |  3.4
Conjurations   | |  4.6

Action                   || total
-------------------------++-------
Throw: Stone             ||     1
 Cast: Magic Dart        ||    53
       Searing Ray       ||     3
  Use: Scroll            ||     5
  Eat: Chunk             ||     3
Armor: Robe              ||     8
Dodge: Dodged            ||    22
